 Dungeon Crawl Stone Soup version 0.31.0-11-ge490571c62 (webtiles) character file.

Game seed: 2721977492391966336

3866 qw the Nimble (level 9, -2/45 HPs)
             Began as a Spriggan Hunter on Feb 3, 2024.
             Was a Believer of Okawaru.
             Killed by divine providence
             ... invoked by an orc priest
              (16 damage)
             ... on level 8 of the Dungeon.
             The game lasted 00:01:55 (6574 turns).

qw the Nimble (Spriggan Hunter)                     Turns: 6574, Time: 00:01:55

Health: -2/45      AC:  7    Str:  7    XL:     9   Next: 99%
Magic:  12/13      EV: 38    Int: 10    God:    Okawaru [**....]
Gold:   130        SH:  0    Dex: 23    Spells: 8/8 levels left

rFire   . . .        m - +1 arbalest
rCold   . . .        (shield currently unavailable)
rNeg    + . .        d - +1 steam dragon scales
rPois   .            (helmet restricted)
rElec   .            (no cloak)
rCorr   .            (gloves unavailable)
SInv    +            (boots unavailable)
Will    +....        (no amulet)
Stlth   ++++         f - +5 ring of evasion
HPRegen 0.27/turn    e - ring of positive energy
MPRegen 0.13/turn

%: no passive effects
@: heroic, very quick
A: very small, no large weapons, unfitting armour, see invisible, speed 3
a: Renounce Religion, Heroism


You were on level 8 of the Dungeon.
You worshipped Okawaru.
Okawaru was pleased with you.
You visited 1 branch of the dungeon, and saw 8 of its levels.

You collected 341 gold pieces.
You spent 211 gold pieces at shops.


Innate Abilities, Weirdness & Mutations

You are very small and have problems with some larger weapons.
You are too small for most types of armour.
You have supernaturally acute eyesight. (SInv)
You cover ground extremely quickly. (Speed+++)


   Skills:
 - Level 4.0(9.0) Fighting
 + Level 10.6(15.6) Ranged Weapons
 - Level 1.2(6.2) Armour
 - Level 11.0(16.0) Dodging
 - Level 1.5(6.5) Stealth
 - Level 4.1 Invocations


You had 8 spell levels left.
You didn't know any spells.
Your spell library was empty.

Inventory:

Hand Weapons
 m - a +1 arbalest (weapon)
Armour
 d - +1 steam dragon scales (worn)
Jewellery
 e - a ring of positive energy (right hand)
 f - a +5 ring of evasion (left hand)
Wands
 l - a wand of charming (3)
 p - a wand of quicksilver (10)
Scrolls
 a - a scroll of teleportation
 n - 3 scrolls of identify
Potions
 b - a potion of ambrosia {unknown}
 g - 2 potions of mutation
 h - 2 potions of haste
 i - a potion of berserk rage {unknown}
 j - a potion of might
 k - a potion of enlightenment {unknown}

Dungeon Overview and Level Annotations

Branches:
Dungeon (8/15)             Temple (0/1) D:7
   Lair: D:8-11

Altars:
Cheibriados
Hepliaklqana
Kikubaaqudgha
Okawaru
Qazlal
Ru
Trog
Uskayaw
Vehumet
Zin

Shops:
D:1 !   D:6 :((*


Message History

The wight hits you but does no damage. The orc wizard completely misses you.
The wight completely misses you.
The orc priest begins to cast a cantrip, but forgets the words!
The orc wizard hits you but does no damage.
The orc wizard gestures at you while chanting.
The magic dart hits you. The wight completely misses you.
You shoot a bolt. The bolt hits the wight!
You destroy the wight!
Okawaru accepts your kill. The wight completely misses you.
The orc priest begins to cast a cantrip, but forgets the words!
The orc wizard hits you with a +0 dagger.
The orc wizard mumbles some strange words.
The orc wizard flickers and vanishes for a moment.
You shoot a bolt. The bolt barely misses the wight.
The wight completely misses you. The orc wizard closely misses you.
The orc priest barely misses you. The orc wizard misses you.
You shoot a bolt. The bolt barely misses the wight.
The wight completely misses you. The orc wizard completely misses you.
The orc priest looks satisfied for a moment.
The orc wizard hits you but does no damage.
You shoot a bolt. The bolt hits the sky beast!
The sky beast is heavily wounded.
The orc priest completely misses you.
The orc wizard hits you with a +0 dagger.
The sky beast completely misses you. The orc wizard completely misses you.
You shoot a bolt. The bolt hits the sky beast!
The sky beast is severely wounded.
The wight completely misses you. The orc priest misses you.
The orc wizard completely misses you. The sky beast completely misses you.
The wight completely misses you. The orc wizard completely misses you.
You shoot a bolt. The bolt hits the sky beast!
You kill the sky beast!
Okawaru accepts your kill. The wight completely misses you.
The orc priest completely misses you. The orc wizard completely misses you.
The wight barely misses you. The orc wizard completely misses you.
The orc priest mumbles some strange prayers to Beogh against you.
Beogh smites you!
You die...

#...# ....# #.....~~ ..
....# #...... ... ...##
#.....##... #..# #...
#...$.... #..#
#...##....... #..#
#....#.....# ...#
#....+...o.######
...##..##....#.z@o.......
...#....#...##.z¤o.......
#..##...#...##.......#.#.
#..##...#....)......#...#
........#..<.#.....#.....
...##..##....#........_..
...##..###'###.....#.....
...##..##...##......#...#
..................z..


You could see 2 wights, an orc priest and 2 orc wizards.

Vanquished Creatures
  A hornet (D:8)
  Sigmund (D:2)
  A steam dragon (D:5)
  A hornet zombie (D:5)
  4 ice beasts
  2 black bears (D:6)
  2 sky beasts
  4 ogres
  6 centaurs
  A phantom (D:4)
  A kobold brigand (D:6)
  4 bullfrogs
  A scorpion (D:5)
  A necrophage (D:5)
  10 wights
  3 bombardier beetles
  2 bullfrog zombies (D:5)
  A human zombie (D:5)
  A bullfrog skeleton (D:5)
  A jelly (D:4)
  3 hounds
  2 iguanas (D:5)
  2 sleepcaps
  A scorpion zombie (D:5)
  An orc wizard (D:8)
  A killer bee zombie (D:5)
  A hound zombie (D:5)
  Robin (D:3)
  6 gnolls
  7 adders
  2 shadow imps (D:5)
  3 white imps (D:7)
  2 ufetubi (D:6)
  An adder zombie (D:5)
  3 dart slugs
  A ribbon worm (D:2)
  13 orcs
  8 ball pythons
  3 bats
  4 endoplasms
  A giant cockroach (D:2)
  11 goblins
  6 hobgoblins
  8 jackals
  5 frilled lizards
  14 kobolds
  3 rats
161 creatures vanquished.

Notes
Turn   | Place    | Note
-------+----------+-------------------------------------------
     0 | D:1      | qw the Spriggan Hunter began the quest for the Orb.
     0 | D:1      | Reached XP level 1. HP: 10/10 MP: 2/2
     0 | D:1      | 0 ||| qw: Version: 0.3-a-155-g5e7d8dd
     0 | D:1      | 0 ||| qw: Game counter: 3232
     0 | D:1      | 0 ||| qw: Melee chars always use a shield: true
     0 | D:1      | 0 ||| qw: God list: Okawaru
     0 | D:1      | 0 ||| qw: Allow faded altars: false
     0 | D:1      | 0 ||| qw: Do Orc after clearing Dungeon:15 true
     0 | D:1      | 0 ||| qw: Do second Lair branch before Depths: true
     0 | D:1      | 0 ||| qw: Lair rune preference: random
     0 | D:1      | 0 ||| qw: Goals: Normal
     0 | D:1      | 0 ||| PLANNING D:1-11
    22 | D:1      | Reached skill level 3 in Dodging
   218 | D:1      | Reached XP level 2. HP: 14/14 MP: 3/3
   248 | D:1      | Found Weppaot's Distillery.
   266 | D:1      | 266 ||| SHOPLISTING 2 potions of curing (60 gold, have 27).
   266 | D:1      | 266 ||| SHOPLISTING potion of curing (30 gold, have 27).
   266 | D:1      | 266 ||| SHOPLISTING potion of heal wounds (50 gold, have
                  | 27).
   266 | D:1      | 266 ||| SHOPLISTING potion of mutation (80 gold, have 27).
   276 | D:1      | Reached skill level 4 in Dodging
   726 | D:1      | 726 ||| UPGRADING to +5 ring of evasion.
   727 | D:1      | 727 ||| READING scroll labelled JAREWY PYPN.
   728 | D:1      | 728 ||| READING scroll labelled NYGRICZIO.
   728 | D:1      | 728 ||| BRANDING +0 shortbow.
   729 | D:1      | 729 ||| READING scroll labelled VIMAICWIET.
   729 | D:1      | 729 ||| IDENTIFYING pink potion
   730 | D:1      | 730 ||| DROPPING scroll of butterflies.
   731 | D:1      | 731 ||| DROPPING potion of magic.
   749 | D:2      | Reached XP level 3. HP: 18/18 MP: 4/4
   847 | D:2      | Noticed Sigmund
   853 | D:2      | HP: 2/18 [Sigmund/magic dart (6)]
   860 | D:2      | Killed Sigmund
   861 | D:2      | Reached skill level 6 in Ranged Weapons
   861 | D:2      | Reached XP level 4. HP: 4/22 MP: 5/5
   861 | D:2      | Reached XP level 5. HP: 5/25 MP: 6/6
   864 | D:2      | 864 ||| FLEEEEING.
   882 | D:2      | 882 ||| FLEEEEING.
   883 | D:2      | 883 ||| FLEEEEING.
   884 | D:2      | 884 ||| FLEEEEING.
   885 | D:2      | 885 ||| FLEEEEING.
   886 | D:2      | 886 ||| FLEEEEING.
   888 | D:2      | 888 ||| FLEEEEING.
   889 | D:2      | 889 ||| FLEEEEING.
   890 | D:2      | 890 ||| FLEEEEING.
   897 | D:2      | 897 ||| FLEEEEING.
   898 | D:2      | 898 ||| FLEEEEING.
   899 | D:2      | 899 ||| FLEEEEING.
   900 | D:2      | 900 ||| FLEEEEING.
   901 | D:2      | 901 ||| FLEEEEING.
   903 | D:2      | 903 ||| FLEEEEING.
   904 | D:2      | 904 ||| FLEEEEING.
   905 | D:2      | 905 ||| FLEEEEING.
   907 | D:2      | 907 ||| FLEEEEING.
   908 | D:2      | 908 ||| FLEEEEING.
   909 | D:2      | 909 ||| FLEEEEING.
   910 | D:2      | 910 ||| FLEEEEING.
   911 | D:2      | 911 ||| FLEEEEING.
   912 | D:2      | 912 ||| FLEEEEING.
   913 | D:2      | 913 ||| FLEEEEING.
   914 | D:2      | 914 ||| FLEEEEING.
   918 | D:2      | 918 ||| FLEEEEING.
   919 | D:2      | 919 ||| FLEEEEING.
   921 | D:2      | 921 ||| FLEEEEING.
   922 | D:2      | 922 ||| FLEEEEING.
   923 | D:2      | 923 ||| FLEEEEING.
   924 | D:2      | 924 ||| FLEEEEING.
   925 | D:2      | 925 ||| FLEEEEING.
   926 | D:2      | 926 ||| STAIRDANCE
  1629 | D:2      | 1629 ||| READING scroll of identify.
  1629 | D:2      | 1629 ||| IDENTIFYING sapphire potion
  1630 | D:2      | 1630 ||| READING scroll labelled PESTRY FUVVA.
  1634 | D:2      | 1634 ||| READING scroll labelled DOYNIK OSHAMAMOL.
  1634 | D:2      | 1634 ||| ENCHANTING +0 shortbow of flaming.
  1635 | D:2      | 1635 ||| READING scroll labelled GOSSATA GONLARPH.
  1722 | D:3      | Noticed Robin
  1733 | D:3      | Killed Robin
  1734 | D:3      | Reached skill level 5 in Dodging
  1734 | D:3      | HP: 6/25 [poisoned by a goblin]
  2020 | D:3      | Reached XP level 6. HP: 30/30 MP: 7/7
  2335 | D:3      | 2335 ||| READING scroll labelled YTASUGRYGEE.
  2336 | D:3      | 2336 ||| READING scroll labelled GIELAB IBEFO.
  2337 | D:3      | 2337 ||| DRINKING 3 clear potions.
  2546 | D:4      | Reached skill level 6 in Dodging
  2641 | D:4      | Reached XP level 7. HP: 35/35 MP: 8/8
  2982 | D:4      | 2982 ||| DRINKING 2 red potions.
  2983 | D:4      | 2983 ||| DRINKING 2 bubbling emerald potions.
  2984 | D:4      | 2984 ||| DROPPING potion of invisibility.
  3004 | D:4      | Reached skill level 7 in Dodging
  3027 | D:5      | Entered Level 5 of the Dungeon
  3049 | D:5      | 3049 ||| SWAPPING to +0 orcbow.
  3057 | D:5      | 3057 ||| DROPPING +0 shortbow of flaming.
  3145 | D:5      | 3145 ||| RETREEEEATING.
  3183 | D:5      | HP: 7/35 [hornet zombie (12)]
  3184 | D:5      | 3184 ||| READING scroll of teleportation.
  3185 | D:5      | 3185 ||| DRINKING potion of heal wounds.
  3189 | D:5      | Reached skill level 8 in Dodging
  3195 | D:5      | Reached XP level 8. HP: 32/39 MP: 9/9
  3285 | D:5      | Reached skill level 3 in Fighting
  3506 | D:5      | Reached skill level 9 in Ranged Weapons
  3526 | D:5      | HP: 9/40 [steam dragon] (9)]
  3529 | D:5      | HP: 2/40 [steam dragon (5)]
  3535 | D:5      | Reached skill level 9 in Dodging
  3547 | D:5      | HP: 2/40 [iguana (5)]
  3694 | D:5      | Found a hide-covered altar of Uskayaw.
  3698 | D:5      | Found a glowing silver altar of Zin.
  3701 | D:5      | Found a radiant altar of Vehumet.
  3704 | D:5      | Found an iron altar of Okawaru.
  3705 | D:5      | 3705 ||| PLANNING OKAWARU WORSHIP
  3705 | D:5      | 3705 ||| UPGRADING to +0 steam dragon scales.
  3715 | D:5      | 3715 ||| DROPPING +0 robe.
  3716 | D:5      | 3716 ||| READING scroll of enchant armour.
  3716 | D:5      | 3716 ||| ENCHANTING +0 steam dragon scales.
  3720 | D:5      | Became a worshipper of Warmaster Okawaru
  3721 | D:5      | 3721 ||| PLANNING D:1-11
  3746 | D:5      | Found a sacrificial altar of Ru.
  3748 | D:5      | Found a snail-covered altar of Cheibriados.
  3848 | D:5      | Found an ancient bone altar of Kikubaaqudgha.
  4233 | D:6      | 4233 ||| STAIRDANCE
  4259 | D:6      | 4259 ||| STAIRDANCE
  4293 | D:6      | Reached XP level 9. HP: 43/44 MP: 10/10
  4302 | D:6      | Reached * piety under Okawaru
  4373 | D:6      | Reached skill level 1 in Invocations
  4664 | D:6      | 4664 ||| INVOKING Heroism.
  4665 | D:6      | 4665 ||| DRINKING 3 potions of haste.
  4670 | D:6      | Reached skill level 10 in Dodging
  4783 | D:6      | Reached skill level 1 in Armour
  4809 | D:6      | Reached skill level 3 in Invocations
  4819 | D:6      | Found a bloodstained altar of Trog.
  4831 | D:6      | 4831 ||| RETREEEEATING.
  4834 | D:6      | 4834 ||| RETREEEEATING.
  4835 | D:6      | 4835 ||| RETREEEEATING.
  4837 | D:6      | 4837 ||| RETREEEEATING.
  4839 | D:6      | 4839 ||| RETREEEEATING.
  4840 | D:6      | 4840 ||| RETREEEEATING.
  4841 | D:6      | 4841 ||| RETREEEEATING.
  4843 | D:6      | 4843 ||| RETREEEEATING.
  5026 | D:6      | Found Orhao's Assorted Antiques.
  5034 | D:6      | 5034 ||| BUYING ivory wand (108 gold).
  5034 | D:6      | Bought an ivory wand for 108 gold pieces
  5034 | D:6      | 5034 ||| SHOPLISTING scroll of enchant armour (202 gold,
                  | have 135).
  5044 | D:6      | Found Magurhegio's Antique Weapon Shoppe.
  5050 | D:6      | 5050 ||| BUYING arbalest (103 gold).
  5050 | D:6      | Bought an arbalest for 103 gold pieces
  5050 | D:6      | 5050 ||| SWAPPING to +0 arbalest.
  5051 | D:6      | 5051 ||| DROPPING +0 orcbow.
  5108 | D:6      | Found Gecvurch's Weapon Emporium.
  5141 | D:6      | Found Foliosom's Book Emporium.
  5215 | D:6      | 5215 ||| READING scroll labelled SURPHE SUER.
  5216 | D:6      | 5216 ||| READING scroll labelled SEARIM BUTWYGH.
  5217 | D:6      | 5217 ||| DRINKING 2 purple potions.
  5219 | D:6      | 5219 ||| Stepping ~*~*~tactically~*~*~ (cloud).
  5370 | D:7      | Reached ** piety under Okawaru
  5555 | D:7      | Found a staircase to the Ecumenical Temple.
  5878 | D:7      | Found a hazy altar of Hepliaklqana.
  6225 | D:7      | 6225 ||| UPGRADING to ring of positive energy.
  6226 | D:7      | 6226 ||| READING scroll of identify.
  6226 | D:7      | 6226 ||| IDENTIFYING smoky green potion
  6227 | D:7      | 6227 ||| READING scroll labelled IREACK ATES.
  6227 | D:7      | 6227 ||| ENCHANTING +0 arbalest.
  6228 | D:7      | 6228 ||| READING scroll labelled WETITA UROTIDO.
  6424 | D:8      | Reached skill level 11 in Dodging
  6543 | D:8      | 6543 ||| RETREEEEATING.
  6545 | D:8      | 6545 ||| RETREEEEATING.
  6547 | D:8      | 6547 ||| RETREEEEATING.
  6551 | D:8      | Paralysed by a hornet for 2 turns
  6554 | D:8      | 6554 ||| RETREEEEATING.
  6556 | D:8      | HP: 11/45 [poisoned by a hornet]
  6557 | D:8      | 6557 ||| READING 2 scrolls of teleportation.
  6558 | D:8      | 6558 ||| RETREEEEATING.
  6559 | D:8      | 6559 ||| RETREEEEATING.
  6560 | D:8      | 6560 ||| FLEEEEING.
  6561 | D:8      | 6561 ||| FLEEEEING.
  6562 | D:8      | 6562 ||| FLEEEEING.
  6562 | D:8      | Found a stormy altar of Qazlal.
  6563 | D:8      | 6563 ||| DRINKING potion of curing.
  6563 | D:8      | 6563 ||| (to cure confusion)
  6566 | D:8      | 6566 ||| RETREEEEATING.
  6567 | D:8      | 6567 ||| INVOKING Heroism.
  6574 | D:8      | Killed from afar by an orc priest

Levels and vault maps discovered:
D:1:      ebering_trefoil_twist, layout_basic, serial_shops,
          nicolae_shop_tiny_statue_garden
D:2:      layout_loops_corners, minmay_curled_crystal, minmay_indecisive_spiral,
          uniq_sigmund
D:3:      layout_loops_cross, uniq_robin
D:4:      layout_basic
D:5:      layout_basic, grunt_temple_overflow_cloverleaf, jmf_multi_god_temple,
          lemuel_mausoleum_altar_kikubaaqudgha
D:6:      layout_loops_ring, bloody_trog, serial_shops, shop,
          kennysheep_little_box, shop, nicolae_shop_waterfront,
          palyth_stone_intersect
D:7:      layout_loops_corners, nzn_hepliaklqana_mist_gate,
          minmay_temple_entry_sparse_star
D:8:      layout_gridville, nicolae_qazlal_beasts_of_the_sky,
          gammafunk_temple_overflow_elements, moated_statue

Skill      XL: |  1  2  3  4  5  6  7  8  9 |
---------------+----------------------------+-----
Dodging        | 3 4 5 6 8 9 11 | 11.0
Ranged Weapons | 6 8 10 | 10.6
Fighting       | 2 3 4 |  4.0
Invocations    | 4 |  4.1
Armour         | 1 |  1.2
Stealth        | |  1.5

Action                     |  1- 3 |  4- 6 |  7- 9 || total
---------------------------+-------+-------+-------++-------
   Fire: Shortbow          |    60 |   113 |    23 ||   196
         Orcbow            |       |       |   314 ||   314
         Arbalest          |       |       |    87 ||    87
 Invoke: Heroism           |       |       |     2 ||     2
    Use: Scroll            |     3 |     6 |     8 ||    17
         Potion            |       |     1 |     6 ||     7
 Armour: Robe              |     5 |     6 |    16 ||    27
         Steam dragon scal |       |       |    34 ||    34
  Dodge: Dodged            |    19 |    33 |   310 ||   362

Table legend:
 A = Non-vault XP
 B = Vault XP
 C = Vault XP percentage of total XP
 D = Non-vault monster count
 E = Vault monster count
 F = Vault count percentage of total count
                 A         B        C        D         E       F
            +---------+---------+-------+---------+---------+-------
      Total |    4483 |    1164 |  20.6 |     134 |      27 |  16.8
            +---------+---------+-------+---------+---------+-------
        D:1 |      30 |       0 |   0.0 |      16 |       0 |   0.0
        D:2 |      61 |     241 |  79.8 |      19 |       5 |  20.8
        D:3 |      64 |      26 |  28.9 |      11 |       7 |  38.9
        D:4 |     502 |       0 |   0.0 |      13 |       0 |   0.0
        D:5 |     883 |     773 |  46.7 |      20 |      14 |  41.2
        D:6 |    1667 |       0 |   0.0 |      30 |       0 |   0.0
        D:7 |     478 |       0 |   0.0 |      14 |       0 |   0.0
        D:8 |     798 |     124 |  13.4 |      11 |       1 |   8.3
            +---------+---------+-------+---------+---------+-------
